[Event "Live Chess"]
[Site "Chess.com"]
[Date "2021.04.28"]
[Round "6"]
[White "microbear"]
[Black "GGuseinov"]
[Result "0-1"]
[CurrentPosition "8/8/pb4p1/1p5p/1Pp1p1kP/2P1KbP1/1P6/4B1N1 w - -"]
[Timezone "UTC"]
[ECO "B36"]
[ECOUrl "https://www.chess.com/openings/Sicilian-Defense-Old-Sicilian-Open-Accelerated-Dragon-Variation"]
[UTCDate "2021.04.28"]
[UTCTime "03:01:34"]
[WhiteElo "2203"]
[BlackElo "2674"]
[TimeControl "2100+2"]
[Termination "GGuseinov won by resignation"]
[StartTime "03:01:34"]
[EndDate "2021.04.28"]
[EndTime "04:06:45"]
[Link "https://www.chess.com/game/live/13317742671"]

1. e4 c5 2. Nf3 g6 3. d4 cxd4 4. Nxd4 Nc6 5. Nc3 Bg7 6. Be3 Nf6 7. Bc4 O-O 8. Bb3 d6 9. h3 Na5 10. O-O b6 11. Qd3 Nxb3 12. axb3 Bb7 13. b4 a6 14. f4 Qc7 15. Rfc1 e5 16. Nf3 Nxe4 17. Nxe4 d5 18. Nf6+ Bxf6 19. fxe5 Bg7 20. Qd4 b5 21. c3 Rfe8 22. Bf4 Qd7 23. Re1 Rac8 24. Qd3 Qc7 25. Re2 Qc4 26. Qxc4 dxc4 27. Nd4 Rcd8 28. Kh2 Bc8 29. Rae1 Be6 30. Ra1 Bc8 31. Rae1 Rd5 32. Kg3 Be6 33. Ra1 Ra8 34. Kf3 Rd7 35. Kf2 Rd5 36. Ree1 Bf8 37. Red1 Bd7 38. Ke3 Be8 39. Kf2 Bg7 40. Nf3 Bc6 41. Rxd5 Bxd5 42. Nd4 Bb7 43. g3 Bf8 44. Re1 Be7 45. e6 f6 46. Ke2 Kf8 47. Kd2 Ke8 48. Kc2 Rd8 49. h4 h5 50. Kc1 Rd5 51. Kc2 Bd8 52. Kc1 Ke7 53. Kc2 Bb6 54. Be3 Bc7 55. Bf2 Re5 56. Rxe5 fxe5 57. Ne2 Kxe6 58. Kd2 Kf5 59. Ng1 Kg4 60. Ke3 Bg2 61. Ke2 e4 62. Be1 Bf3+ 63. Ke3 Bb6+ 0-1

[Event "Live Chess"]
[Site "Chess.com"]
[Date "2021.04.28"]
[Round "6"]
[White "BrianEscalante"]
[Black "jij2018"]
[Result "1-0"]
[CurrentPosition "3r4/KP2kp1p/5p2/P7/6P1/5P2/3p3P/3R4 b - -"]
[Timezone "UTC"]
[ECO "B54"]
[ECOUrl "https://www.chess.com/openings/Sicilian-Defense-Open-Prins-Variation-5...e5-6.Nb3-d5"]
[UTCDate "2021.04.28"]
[UTCTime "03:01:29"]
[WhiteElo "2542"]
[BlackElo "2242"]
[TimeControl "2100+2"]
[Termination "BrianEscalante won by resignation"]
[StartTime "03:01:29"]
[EndDate "2021.04.28"]
[EndTime "04:10:30"]
[Link "https://www.chess.com/game/live/13317743255"]

1. e4 c5 2. Nf3 d6 3. d4 cxd4 4. Nxd4 Nf6 5. f3 e5 6. Nb3 d5 7. Bg5 Be6 8. Bxf6 gxf6 9. exd5 Qxd5 10. Qxd5 Bxd5 11. Nc3 Be6 12. O-O-O Nc6 13. Bb5 Ke7 14. Nd5+ Bxd5 15. Rxd5 Bh6+ 16. Kb1 Rad8 17. Bxc6 bxc6 18. Ra5 Rd7 19. Ra6 Rc8 20. c4 Be3 21. Re1 Bb6 22. Kc2 Kf8 23. g4 Bd4 24. Na5 Rdc7 25. b4 Kg7 26. Nb3 Rd7 27. Rd1 Rcc7 28. c5 Rc8 29. Nxd4 exd4 30. Kd3 Re8 31. Rxc6 Re3+ 32. Kc4 Rc3+ 33. Kb5 d3 34. a4 d2 35. Rd6 Rxd6 36. cxd6 Rd3 37. Kc6 Rc3+ 38. Kb7 Rd3 39. Kxa7 Rxd6 40. b5 Rd3 41. a5 Rd5 42. Ka6 Kf8 43. b6 Ke7 44. b7 Rd8 45. Ka7 1-0

[Event "Live Chess"]
[Site "Chess.com"]
[Date "2021.04.28"]
[Round "6"]
[White "josiwales"]
[Black "MMSANCHEZ"]
[Result "1-0"]
[CurrentPosition "5Q1Q/8/6B1/p2qk3/8/7b/5P2/6K1 b - -"]
[Timezone "UTC"]
[ECO "C00"]
[ECOUrl "https://www.chess.com/openings/French-Defense-Kings-Indian-Attack-2...d5-3.Qe2-Nf6"]
[UTCDate "2021.04.28"]
[UTCTime "03:01:29"]
[WhiteElo "2494"]
[BlackElo "2141"]
[TimeControl "2100+2"]
[Termination "josiwales won by resignation"]
[StartTime "03:01:29"]
[EndDate "2021.04.28"]
[EndTime "04:13:03"]
[Link "https://www.chess.com/game/live/13317743711"]

1. e4 e6 2. d3 d5 3. Qe2 Nf6 4. Nf3 c5 5. e5 Nfd7 6. g3 Nc6 7. Bg2 Be7 8. h4 b5 9. O-O Qc7 10. Bf4 b4 11. h5 h6 12. Nbd2 a5 13. c4 bxc3 14. bxc3 Ba6 15. c4 Nb6 16. g4 Rd8 17. Rfc1 dxc4 18. dxc4 Nd4 19. Nxd4 cxd4 20. Qf3 Nd7 21. Rab1 O-O 22. Qg3 Bg5 23. Nf3 Bxf4 24. Qxf4 d3 25. g5 hxg5 26. Qxg5 f6 27. Qg4 Bc8 28. Qxe6+ Rf7 29. exf6 Nxf6 30. Qe5 d2 31. Rd1 Qxc4 32. Nxd2 Qxa2 33. Ne4 Rxd1+ 34. Rxd1 Nxe4 35. Rd8+ Rf8 36. Rxf8+ Kxf8 37. Bxe4 Be6 38. Qd6+ Kf7 39. Bg6+ Kf6 40. Qd4+ Ke7 41. Qxg7+ Kd6 42. h6 Qd5 43. Qf8+ Ke5 44. h7 Bh3 45. h8=Q+ 1-0

[Event "Live Chess"]
[Site "Chess.com"]
[Date "2021.04.28"]
[Round "6"]
[White "coalescenet"]
[Black "FlightsOfFancy"]
[Result "0-1"]
[CurrentPosition "1k3q2/1p5p/6p1/8/PP6/4p3/3p1P2/5K2 w - -"]
[Timezone "UTC"]
[ECO "B50"]
[ECOUrl "https://www.chess.com/openings/Sicilian-Defense-Delayed-Alapin-Variation-3...Nf6"]
[UTCDate "2021.04.28"]
[UTCTime "03:01:32"]
[WhiteElo "2098"]
[BlackElo "2135"]
[TimeControl "2100+2"]
[Termination "FlightsOfFancy won by resignation"]
[StartTime "03:01:32"]
[EndDate "2021.04.28"]
[EndTime "04:14:00"]
[Link "https://www.chess.com/game/live/13317744099"]

1. e4 c5 2. Nf3 d6 3. c3 Nf6 4. h3 Nc6 5. Bd3 g6 6. O-O Bg7 7. Bc2 O-O 8. d4 cxd4 9. cxd4 e5 10. d5 Nb4 11. Bb3 Bd7 12. Nc3 Rc8 13. Re1 a5 14. Qe2 Na6 15. Bd2 Nc5 16. Bc4 Nh5 17. Rab1 f5 18. Bb5 fxe4 19. Nxe4 Nxe4 20. Bxd7 Qxd7 21. Qxe4 Nf6 22. Qh4 Rc5 23. Rbd1 Nxd5 24. Be3 Nxe3 25. Rxe3 Rf4 26. Qg5 Bf6 27. Qg3 Qc6 28. h4 Rc1 29. Ree1 Rfc4 30. Qh3 d5 31. Rxc1 Rxc1 32. Rxc1 Qxc1+ 33. Kh2 Qf4+ 34. Kg1 Qc1+ 35. Kh2 Qf4+ 36. Kg1 Qf5 37. g4 Qe6 38. Qg3 Kf7 39. Ng5+ Bxg5 40. hxg5 Ke7 41. Qa3+ Kd7 42. Qa4+ Kc8 43. Qxa5 Qxg4+ 44. Kf1 Qc4+ 45. Kg2 Qe4+ 46. Kg1 d4 47. Qc5+ Kd7 48. Qc4 Kd6 49. b4 Qd5 50. Qc8 d3 51. Qd8+ Kc6 52. Qe8+ Kb6 53. Qa4 d2 54. Qd1 e4 55. a4 Qxg5+ 56. Kf1 Qf4 57. Qe2 e3 58. Qb5+ Kc7 59. Qc5+ Kb8 60. Qf8+ Qxf8 0-1

[Event "Live Chess"]
[Site "Chess.com"]
[Date "2021.04.28"]
[Round "6"]
[White "KyronGriffith"]
[Black "twangbio"]
[Result "1-0"]
[CurrentPosition "4k2r/4Q1pp/pp6/3N1q1n/8/8/PPP2PPP/1K6 b - -"]
[Timezone "UTC"]
[ECO "C47"]
[ECOUrl "https://www.chess.com/openings/Four-Knights-Game-Scotch-Variation-Accepted-5.Nxd4-d6"]
[UTCDate "2021.04.28"]
[UTCTime "03:01:43"]
[WhiteElo "2490"]
[BlackElo "1871"]
[TimeControl "2100+2"]
[Termination "KyronGriffith won by checkmate"]
[StartTime "03:01:43"]
[EndDate "2021.04.28"]
[EndTime "03:48:13"]
[Link "https://www.chess.com/game/live/13317744421"]

1. e4 e5 2. Nf3 Nc6 3. Nc3 Nf6 4. d4 exd4 5. Nxd4 d6 6. Bf4 Be7 7. Qd2 a6 8. O-O-O Nxd4 9. Qxd4 b6 10. Bc4 Bb7 11. e5 Nh5 12. exd6 Bxd6 13. Bxd6 Qxd6 14. Bxf7+ Kxf7 15. Qc4+ Qe6 16. Qxc7+ Kf8 17. Rhe1 Qh6+ 18. Kb1 Qf6 19. Qxb7 Rd8 20. Nd5 Qd6 21. Re7 Qg6 22. Rde1 Qf5 23. Re8+ Rxe8 24. Rxe8+ Kxe8 25. Qe7# 1-0

[Event "Live Chess"]
[Site "Chess.com"]
[Date "2021.04.28"]
[Round "6"]
[White "kingandqueen2017"]
[Black "Joseph_Truelsons_Fan"]
[Result "1-0"]
[CurrentPosition "8/8/1p1kp3/2p2rRp/2P1KPpP/1P4P1/8/8 b - -"]
[Timezone "UTC"]
[ECO "E80"]
[ECOUrl "https://www.chess.com/openings/Kings-Indian-Defense-Samisch-Variation...6.dxc5-dxc5-7.Qxd8-Kxd8"]
[UTCDate "2021.04.28"]
[UTCTime "03:01:39"]
[WhiteElo "2344"]
[BlackElo "1812"]
[TimeControl "2100+2"]
[Termination "kingandqueen2017 won by resignation"]
[StartTime "03:01:39"]
[EndDate "2021.04.28"]
[EndTime "03:33:59"]
[Link "https://www.chess.com/game/live/13317744747"]

1. d4 Nf6 2. c4 g6 3. Nc3 Bg7 4. e4 d6 5. f3 c5 6. dxc5 dxc5 7. Qxd8+ Kxd8 8. Be3 b6 9. e5 Nfd7 10. f4 Nc6 11. Rd1 e6 12. Ne4 Ke7 13. Nf3 f6 14. exf6+ Nxf6 15. Nxf6 Bxf6 16. b3 Nb4 17. a3 Nc2+ 18. Kd2 Nxe3 19. Kxe3 Bb7 20. Bd3 Rad8 21. Be4 Bxe4 22. Kxe4 Bb2 23. a4 Rhf8 24. g3 h6 25. Ne5 Bxe5 26. Kxe5 Rf5+ 27. Ke4 h5 28. Rxd8 Kxd8 29. h3 g5 30. h4 g4 31. a5 Kc7 32. axb6+ axb6 33. Ra1 Kb7 34. Rd1 Kc7 35. Re1 Kd7 36. Ra1 Kc6 37. Ra8 Kd7 38. Rg8 Kd6 39. Rg5 1-0

[Event "Live Chess"]
[Site "Chess.com"]
[Date "2021.04.28"]
[Round "6"]
[White "Kondsaga"]
[Black "David_Askin"]
[Result "0-1"]
[CurrentPosition "6k1/5pp1/7p/Q7/1P6/P7/Kqr5/8 w - -"]
[Timezone "UTC"]
[ECO "B12"]
[ECOUrl "https://www.chess.com/openings/Caro-Kann-Defense-Fantasy-Variation"]
[UTCDate "2021.04.28"]
[UTCTime "03:01:38"]
[WhiteElo "1934"]
[BlackElo "2041"]
[TimeControl "2100+2"]
[Termination "David_Askin won by checkmate"]
[StartTime "03:01:38"]
[EndDate "2021.04.28"]
[EndTime "04:07:28"]
[Link "https://www.chess.com/game/live/13317745065"]

1. e4 c6 2. d4 d5 3. f3 e5 4. Be3 Qb6 5. b3 Nf6 6. Qd2 exd4 7. Bxd4 Bc5 8. Bxc5 Qxc5 9. Nc3 O-O 10. O-O-O Na6 11. Bxa6 bxa6 12. exd5 cxd5 13. Nxd5 Qa3+ 14. Kb1 Nxd5 15. Qxd5 Be6 16. Qd4 a5 17. Qb2 Qb4 18. Ne2 a4 19. a3 Qb6 20. Nd4 axb3 21. cxb3 a5 22. Nxe6 Qxe6 23. Rhe1 Qh6 24. g3 Rfc8 25. f4 Qg6+ 26. Ka1 Rc2 27. Qe5 h6 28. Re2 Rac8 29. Rxc2 Qxc2 30. Rb1 Qxh2 31. Rb2 Qxg3 32. Qxa5 Qxf4 33. b4 Rc1+ 34. Rb1 Qd4+ 35. Ka2 Qc4+ 36. Ka1 Qc3+ 37. Ka2 Rc2+ 38. Rb2 Qxb2# 0-1

[Event "Live Chess"]
[Site "Chess.com"]
[Date "2021.04.28"]
[Round "6"]
[White "SmilyFace4"]
[Black "pgstar3"]
[Result "0-1"]
[CurrentPosition "8/3k4/3Np2p/1P1pP1pP/3P1pP1/2p2P2/r1B3K1/8 w - -"]
[Timezone "UTC"]
[ECO "D00"]
[ECOUrl "https://www.chess.com/openings/Queens-Pawn-Opening-Accelerated-London-Steinitz-Countergambit"]
[UTCDate "2021.04.28"]
[UTCTime "03:01:34"]
[WhiteElo "2027"]
[BlackElo "1788"]
[TimeControl "2100+2"]
[Termination "pgstar3 won on time"]
[StartTime "03:01:34"]
[EndDate "2021.04.28"]
[EndTime "04:13:00"]
[Link "https://www.chess.com/game/live/13317745555"]

1. d4 d5 2. Bf4 c5 3. e3 Nc6 4. c3 Bf5 5. Qb3 Qd7 6. Nf3 e6 7. Nbd2 c4 8. Qd1 Nf6 9. Nh4 Be4 10. f3 Bg6 11. Nxg6 fxg6 12. e4 Be7 13. e5 Ng8 14. b3 b5 15. Be2 g5 16. Be3 Nh6 17. g4 O-O 18. O-O Nf7 19. Qc2 Rac8 20. a4 a6 21. b4 Bd8 22. axb5 axb5 23. Ra3 Bb6 24. Bf2 Ra8 25. Rfa1 Qb7 26. Qa2 Rab8 27. Kg2 Ne7 28. Bg3 Ng6 29. Bd1 Nf4+ 30. Bxf4 gxf4 31. Bc2 g6 32. h4 Qe7 33. Rh1 Qb7 34. Qb1 Nh8 35. Qb2 h6 36. h5 g5 37. Rha1 Nf7 38. R1a2 Nd8 39. Bb1 Nc6 40. Qc2 Qf7 41. Ra1 Rfe8 42. R1a2 Rec8 43. Qb2 Qb7 44. Qc2 Qf7 45. Ra6 Bxd4 46. Rxc6 Rxc6 47. cxd4 Rcc8 48. Ra6 Ra8 49. Rd6 Rd8 50. Rb6 Rab8 51. Rc6 Kf8 52. Qg6 Qxg6 53. Bxg6 Ke7 54. Nb1 Ra8 55. Nc3 Rab8 56. Rc5 Rdc8 57. Rxb5 Rxb5 58. Nxb5 c3 59. Bc2 Kd7 60. Nd6 Ra8 61. b5 Ra2 0-1

[Event "Live Chess"]
[Site "Chess.com"]
[Date "2021.04.28"]
[Round "6"]
[White "championps"]
[Black "uzkuzk"]
[Result "1-0"]
[CurrentPosition "r3r1k1/bpp2ppp/3pbq2/p7/1nPpN3/P3P1P1/1P3PBP/1RBQ1RK1 b - -"]
[Timezone "UTC"]
[ECO "A25"]
[ECOUrl "https://www.chess.com/openings/English-Opening-Reversed-Sicilian-Closed-3.g3-Nf6-4.Bg2-Bb4"]
[UTCDate "2021.04.28"]
[UTCTime "03:01:55"]
[WhiteElo "1768"]
[BlackElo "1809"]
[TimeControl "2100+2"]
[Termination "championps won by resignation"]
[StartTime "03:01:55"]
[EndDate "2021.04.28"]
[EndTime "03:21:44"]
[Link "https://www.chess.com/game/live/13317746115"]

1. c4 e5 2. Nc3 Nf6 3. g3 Bb4 4. Bg2 Nc6 5. Nd5 Bc5 6. e3 O-O 7. Ne2 Re8 8. O-O a5 9. Nec3 d6 10. d3 Be6 11. Rb1 Nb4 12. d4 Ba7 13. Nxf6+ Qxf6 14. a3 exd4 15. Ne4 1-0

[Event "Live Chess"]
[Site "Chess.com"]
[Date "2021.04.28"]
[Round "6"]
[White "Mangonel"]
[Black "Barok44"]
[Result "0-1"]
[CurrentPosition "r4rk1/1q2ppbp/b2p1np1/PNpP2B1/Q1n1P3/5P2/1P3NPP/R3K2R w KQ -"]
[Timezone "UTC"]
[ECO "A57"]
[ECOUrl "https://www.chess.com/openings/Benko-Gambit-Half-Accepted-Zaitsev-System"]
[UTCDate "2021.04.28"]
[UTCTime "03:02:00"]
[WhiteElo "1940"]
[BlackElo "1759"]
[TimeControl "2100+2"]
[Termination "Barok44 won by resignation"]
[StartTime "03:02:00"]
[EndDate "2021.04.28"]
[EndTime "03:13:58"]
[Link "https://www.chess.com/game/live/13317746389"]

1. d4 Nf6 2. c4 c5 3. d5 b5 4. cxb5 a6 5. Nc3 g6 6. a4 axb5 7. Nxb5 Bg7 8. f3 Ba6 9. e4 d6 10. Nh3 O-O 11. Nf2 Qb6 12. Bg5 Nbd7 13. Bc4 Ne5 14. a5 Qb7 15. Qa4 Nxc4 0-1

[Event "Live Chess"]
[Site "Chess.com"]
[Date "2021.04.28"]
[Round "6"]
[White "serverbusy"]
[Black "ashikuzzaman"]
[Result "1-0"]
[CurrentPosition "4r1k1/pp3p1p/3R2p1/1q2P3/3Q1P2/1P5P/P5PK/8 w - -"]
[Timezone "UTC"]
[ECO "B52"]
[ECOUrl "https://www.chess.com/openings/Sicilian-Defense-Canal-Main-Line-4.Bxd7-Qxd7-5.O-O-Nc6"]
[UTCDate "2021.04.28"]
[UTCTime "03:01:58"]
[WhiteElo "1644"]
[BlackElo "1940"]
[TimeControl "2100+2"]
[Termination "serverbusy won by resignation"]
[StartTime "03:01:58"]
[EndDate "2021.04.28"]
[EndTime "03:32:18"]
[Link "https://www.chess.com/game/live/13317746643"]

1. e4 c5 2. Nf3 d6 3. Bb5+ Bd7 4. Bxd7+ Qxd7 5. O-O Nc6 6. Qe2 Nf6 7. Rd1 e5 8. c3 Be7 9. d4 cxd4 10. cxd4 exd4 11. Nxd4 Nxd4 12. Rxd4 Qe6 13. Nc3 O-O 14. Be3 Ng4 15. Nd5 Nxe3 16. Qxe3 Bf6 17. Nxf6+ Qxf6 18. Rad1 Rad8 19. R1d3 Rfe8 20. Qd2 Re6 21. f4 Rde8 22. Rxd6 Rxd6 23. Rxd6 Qe7 24. Qd3 g6 25. e5 Qc7 26. Qd2 Qc5+ 27. Qd4 Qc1+ 28. Kf2 Qc2+ 29. Qd2 Qc5+ 30. Kf3 Qc4 31. b3 Qb5 32. Qd3 Qa5 33. Qd2 Qb5 34. h3 Qf1+ 35. Kg3 Qb5 36. Kh2 Kg7 37. Qd4 Kg8 1-0

[Event "Live Chess"]
[Site "Chess.com"]
[Date "2021.04.28"]
[Round "6"]
[White "mwncklmann"]
[Black "RagingBeast360"]
[Result "1-0"]
[CurrentPosition "4rk2/2r2pR1/p4Q1p/3B4/q2P4/1p5P/P4PPK/8 b - -"]
[Timezone "UTC"]
[ECO "A50"]
[ECOUrl "https://www.chess.com/openings/Indian-Game-2.c4"]
[UTCDate "2021.04.28"]
[UTCTime "03:01:57"]
[WhiteElo "1870"]
[BlackElo "1655"]
[TimeControl "2100+2"]
[Termination "mwncklmann won on time"]
[StartTime "03:01:57"]
[EndDate "2021.04.28"]
[EndTime "04:12:40"]
[Link "https://www.chess.com/game/live/13317746969"]

1. c4 Nf6 2. d4 e6 3. Nc3 Bb4 4. Qc2 d5 5. cxd5 exd5 6. Nf3 Nc6 7. Bg5 h6 8. Bh4 Bd7 9. e3 a6 10. Bd3 Qe7 11. O-O Bxc3 12. bxc3 O-O 13. Rfe1 Rfe8 14. e4 dxe4 15. Bxe4 Qd6 16. Bg3 Qa3 17. Bd3 Nd5 18. Rec1 b5 19. Rab1 Bg4 20. Be4 Rad8 21. h3 Bxf3 22. Bxf3 b4 23. Bxc7 Rd7 24. Qf5 Rxc7 25. Bxd5 Nxd4 26. cxd4 Rxc1+ 27. Kh2 Rc7 28. Rb3 Qa4 29. Rg3 b3 30. Qf6 Kf8 31. Rxg7 1-0

[Event "Live Chess"]
[Site "Chess.com"]
[Date "2021.04.28"]
[Round "6"]
[White "chessp1234"]
[Black "rimus11"]
[Result "1-0"]
[CurrentPosition "5Q2/6K1/8/3k4/P7/8/8/8 b - a3"]
[Timezone "UTC"]
[ECO "B15"]
[ECOUrl "https://www.chess.com/openings/Caro-Kann-Defense-Tartakower-Forgacs-Variation"]
[UTCDate "2021.04.28"]
[UTCTime "03:01:48"]
[WhiteElo "1766"]
[BlackElo "1513"]
[TimeControl "2100+2"]
[Termination "chessp1234 won by resignation"]
[StartTime "03:01:48"]
[EndDate "2021.04.28"]
[EndTime "04:13:32"]
[Link "https://www.chess.com/game/live/13317747815"]

1. e4 c6 2. d4 d5 3. Nc3 dxe4 4. Nxe4 Nf6 5. Nxf6+ exf6 6. Bc4 Be6 7. Qd3 Nd7 8. Bf4 Nb6 9. Bxe6 fxe6 10. Ne2 Bd6 11. O-O O-O 12. c4 Bxf4 13. Nxf4 e5 14. Ne6 e4 15. Qc3 Qe7 16. Nxf8 Rxf8 17. Rfe1 f5 18. f3 Qe6 19. b3 Re8 20. Qe3 Nd7 21. Rad1 Qf7 22. Qf4 Qg6 23. fxe4 fxe4 24. Re3 Nf6 25. Rde1 Rf8 26. Qg3 Qf7 27. Rf1 Qd7 28. Qe5 Re8 29. Qg5 Qxd4 30. Kh1 Rf8 31. Rg3 Qd7 32. h3 Qe7 33. Re1 Re8 34. Rge3 Qe5 35. Qxe5 Rxe5 36. Kh2 g5 37. g4 Kf7 38. Kg3 Ke6 39. h4 h6 40. hxg5 hxg5 41. R3e2 Kd6 42. Rf2 Re6 43. Rf5 b5 44. Re3 bxc4 45. bxc4 Nh7 46. c5+ Ke7 47. Kf2 a5 48. Ra3 Rf6 49. Ke3 Rxf5 50. gxf5 Nf6 51. Rxa5 Kf7 52. Ra7+ Ke8 53. Rc7 Kd8 54. Rxc6 Ng4+ 55. Kxe4 Nf2+ 56. Kf3 Nd3 57. Rh6 Kd7 58. c6+ Kc7 59. Kg4 Ne5+ 60. Kxg5 Nf7+ 61. Kg6 Ne5+ 62. Kg7 Nxc6 63. Rxc6+ Kxc6 64. f6 Kd7 65. f7 Kd6 66. f8=Q+ Kd5 67. a4 1-0

[Event "Live Chess"]
[Site "Chess.com"]
[Date "2021.04.28"]
[Round "6"]
[White "hypermod"]
[Black "GiorgosTsolias"]
[Result "0-1"]
[CurrentPosition "4Rrk1/pp3ppp/2p5/P7/2NP4/2P2n1q/1PQ2P1P/R6K w - -"]
[Timezone "UTC"]
[ECO "C01"]
[ECOUrl "https://www.chess.com/openings/French-Defense-Exchange-Variation-3...exd5-4.Nc3-Nf6"]
[UTCDate "2021.04.28"]
[UTCTime "03:02:03"]
[WhiteElo "1800"]
[BlackElo "1679"]
[TimeControl "2100+2"]
[Termination "GiorgosTsolias won by resignation"]
[StartTime "03:02:03"]
[EndDate "2021.04.28"]
[EndTime "03:51:51"]
[Link "https://www.chess.com/game/live/13317748493"]

1. e4 e6 2. d4 d5 3. Nc3 Nf6 4. exd5 exd5 5. Nf3 Bf5 6. Be2 Nbd7 7. O-O Bd6 8. Nb5 Nb6 9. g3 O-O 10. a4 Bb4 11. a5 Nc4 12. Bxc4 dxc4 13. c3 Be7 14. Bf4 c6 15. Na3 Qd5 16. Re1 Rae8 17. Nd2 Ne4 18. Ndxc4 Bh3 19. Ne3 Qd8 20. Qc2 Bg5 21. Bxg5 Nxg5 22. Re2 Nf3+ 23. Kh1 Qg5 24. Nac4 Qh5 25. g4 Bxg4 26. Nxg4 Qxg4 27. Rxe8 Qh3 0-1

[Event "Live Chess"]
[Site "Chess.com"]
[Date "2021.04.28"]
[Round "6"]
[White "rtindru"]
[Black "SacrificeandCrush"]
[Result "1/2-1/2"]
[CurrentPosition "8/8/6p1/5k1p/R7/pr4PP/5PK1/8 w - -"]
[Timezone "UTC"]
[ECO "C00"]
[ECOUrl "https://www.chess.com/openings/French-Defense-Knight-Variation-2...d5"]
[UTCDate "2021.04.28"]
[UTCTime "03:02:03"]
[WhiteElo "1369"]
[BlackElo "1771"]
[TimeControl "2100+2"]
[Termination "Game drawn by repetition"]
[StartTime "03:02:03"]
[EndDate "2021.04.28"]
[EndTime "04:03:30"]
[Link "https://www.chess.com/game/live/13317749033"]

1. e4 e6 2. Nf3 d5 3. exd5 exd5 4. d4 Ne7 5. Bd3 Bf5 6. O-O Bxd3 7. Qxd3 g6 8. Bg5 Nbc6 9. Bf6 Rg8 10. Nc3 Qd7 11. Ne5 Nxe5 12. dxe5 c6 13. Na4 b6 14. Qa6 Qc8 15. Qe2 Qe6 16. c4 Bg7 17. cxd5 Nxd5 18. Rfe1 Kf8 19. Rac1 Bxf6 20. exf6 Qxf6 21. Nc3 Nxc3 22. Rxc3 Kg7 23. Rf3 Qd6 24. Rd1 Rge8 25. Rxd6 Rxe2 26. g3 Rxb2 27. a3 c5 28. Rd7 Rf8 29. Rxa7 Kh6 30. Rfxf7 Rxf7 31. Rxf7 b5 32. Rc7 c4 33. Rc5 Rb3 34. a4 bxa4 35. Rxc4 a3 36. Ra4 Kg5 37. Kg2 h5 38. h3 Kf5 39. Ra7 Rc3 40. Ra4 Ke5 41. Ra6 Kf5 42. Ra4 Rb3 43. Kf1 Ke5 44. Kg2 Kf5 1/2-1/2

[Event "Live Chess"]
[Site "Chess.com"]
[Date "2021.04.28"]
[Round "6"]
[White "prescott00000"]
[Black "aanval22"]
[Result "0-1"]
[CurrentPosition "4qrk1/6pp/bb6/p3P3/P2rpPP1/8/1P1Q1R1P/3R2K1 w - -"]
[Timezone "UTC"]
[ECO "C55"]
[ECOUrl "https://www.chess.com/openings/Italian-Game-Two-Knights-Open...6.Bb5-Ne4-7.Nxd4-Bc5"]
[UTCDate "2021.04.28"]
[UTCTime "03:02:15"]
[WhiteElo "1309"]
[BlackElo "1014"]
[TimeControl "2100+2"]
[Termination "aanval22 won by resignation"]
[StartTime "03:02:15"]
[EndDate "2021.04.28"]
[EndTime "03:37:57"]
[Link "https://www.chess.com/game/live/13317750093"]

1. e4 e5 2. Nf3 Nc6 3. Bc4 Nf6 4. d4 exd4 5. e5 d5 6. Bb5 Ne4 7. Nxd4 Bc5 8. Be3 O-O 9. Bxc6 bxc6 10. O-O Qe8 11. f3 Nd6 12. f4 Ne4 13. Nd2 f5 14. Nxe4 fxe4 15. c3 Bb6 16. a4 a5 17. Qd2 Ba6 18. Rf2 Rd8 19. g4 c5 20. Ne2 d4 21. cxd4 cxd4 22. Nxd4 c5 23. Rd1 cxd4 24. Bxd4 Rxd4 0-1

[Event "Live Chess"]
[Site "Chess.com"]
[Date "2021.04.28"]
[Round "6"]
[White "aveevu"]
[Black "boozerrip"]
[Result "0-1"]
[CurrentPosition "8/R1b1k1pp/2qp4/4p3/7P/6PK/8/8 w - -"]
[Timezone "UTC"]
[ECO "B90"]
[ECOUrl "https://www.chess.com/openings/Sicilian-Defense-Open-Najdorf-Variation-6.a4-e5"]
[UTCDate "2021.04.28"]
[UTCTime "03:06:32"]
[WhiteElo "1632"]
[BlackElo "1350"]
[TimeControl "2100+2"]
[Termination "boozerrip won by resignation"]
[StartTime "03:06:32"]
[EndDate "2021.04.28"]
[EndTime "04:16:40"]
[Link "https://www.chess.com/game/live/13318291495"]

1. e4 c5 2. Nf3 d6 3. d4 cxd4 4. Nxd4 Nf6 5. Nc3 a6 6. a4 e5 7. Nf3 Be7 8. Be2 O-O 9. h3 b6 10. Be3 Bb7 11. Nd5 Nxd5 12. exd5 f5 13. c4 f4 14. Bc1 Nd7 15. O-O Nc5 16. b4 Ne4 17. Bb2 Bc8 18. Bd3 Bf5 19. Qe2 Ng5 20. Nxg5 Bxg5 21. a5 Bxd3 22. Qxd3 f3 23. g3 Qd7 24. Kh2 Rf6 25. Rh1 Rh6 26. Qxf3 Rf8 27. Qxf8+ Kxf8 28. Kg2 Qf5 29. axb6 Qc8 30. c5 Qb7 31. c6 Qxb6 32. Bc3 Bd8 33. Bd2 Rf6 34. Be3 Qxb4 35. Rhd1 Qe4+ 36. Kh2 Bc7 37. Rxa6 Qc4 38. Ra7 Qe2 39. Rg1 Rxf2+ 40. Bxf2 Qxf2+ 41. Rg2 Qxa7 42. h4 Ke7 43. Kh3 Qd4 44. Ra2 Qxd5 45. Ra7 Qxc6 0-1

[Event "Live Chess"]
[Site "Chess.com"]
[Date "2021.04.28"]
[Round "6"]
[White "sfdeals"]
[Black "dum2020arEEEWS"]
[Result "1/2-1/2"]
[CurrentPosition "4N3/R7/4kp2/4p3/8/1q2P1PP/p5BK/8 w - -"]
[Timezone "UTC"]
[ECO "A29"]
[ECOUrl "https://www.chess.com/openings/English-Opening-Four-Knights-Kingside-Fianchetto-Line...5.cxd5-Nxd5-6.Bg2-Nb6"]
[UTCDate "2021.04.28"]
[UTCTime "03:02:15"]
[WhiteElo "1456"]
[BlackElo "1015"]
[TimeControl "2100+2"]
[Termination "Game drawn by repetition"]
[StartTime "03:02:15"]
[EndDate "2021.04.28"]
[EndTime "04:00:10"]
[Link "https://www.chess.com/game/live/13317750713"]

1. c4 e5 2. Nc3 Nc6 3. Nf3 Nf6 4. g3 d5 5. cxd5 Nxd5 6. Bg2 Nb6 7. d3 Be7 8. Bd2 O-O 9. a3 a5 10. O-O Bg4 11. h3 Bh5 12. Re1 f6 13. Qc2 Bc5 14. Rac1 Qe7 15. Ne4 Bd6 16. Be3 Nd5 17. Nxd6 Nxe3 18. fxe3 Qxd6 19. Qb3+ Bf7 20. Qxb7 Bd5 21. e4 Rfb8 22. Qxb8+ Rxb8 23. exd5 Qxd5 24. Nh4 Qd4+ 25. e3 Qxb2 26. Bxc6 Qxa3 27. Bd5+ Kf8 28. Rxc7 Qxd3 29. Bg2 Rb1 30. Rxb1 Qxb1+ 31. Kh2 Qb6 32. Rc3 a4 33. Rc8+ Ke7 34. Ra8 Qb3 35. Nf5+ Kf7 36. Ra7+ Ke6 37. Nxg7+ Kd6 38. Ne8+ Ke6 39. Ng7+ Kd6 40. Ne8+ Ke6 41. Rxh7 a3 42. Ra7 a2 43. Ng7+ Kd6 44. Ne8+ Ke6 45. Ng7+ Kd6 46. Ne8+ Ke6 1/2-1/2